Map: Void Training Stage 3

Players

Amix - Winner!

  • Race: Zerg Zerg
  • League: Platinum
  • Spawn Location: 6:00

Player 2

  • Race: Zerg Zerg
  • Spawn Location: 12:00

VOD

Have the link to the VOD?

Description

Time

  • Played on: Nov. 6, 2016, 9:36 a.m.
  • Length: 15:15
Show
View Real Time Build Order
Export as new Build Order

Amix Zerg - Winner!

Build Orders: Pool First 

Get SALT Encoding   

  12  0:04  Drone  
  13  0:08  Drone  
  14  0:18  Overlord  
  14  0:32  Extractor  
  14  0:33  Drone  
  14  0:34  Extractor  
  14  0:35  Drone  
  14  0:40  Drone  
  17  0:47  Extractor  
  17  0:48  Drone  
  17  0:56  Spawning Pool  
  16  0:59  Drone  
  17  1:09  Drone  
  18  1:29  Hatchery  
  17  1:34  Drone  
  17  1:36  Drone  
  19  1:41  Drone  
  20  1:49  Metabolic Boost  
  20  1:55  Overlord  
  20  2:02  Queen  
  22  2:13  Drone  
  22  2:14  Drone  
  24  2:26  Drone  
  25  2:37  Zergling x2  
  26  2:45  Queen  
  28  2:53  Drone, Zergling x2  
  28  2:54  Zergling x2  
  31  2:59  Queen  
  33  3:06  Drone x2  
  33  3:07  Drone  
  36  3:17  Overlord  
  36  3:21  Hatchery  
  36  3:24  Zergling x2  
  36  3:25  Overlord  
  36  3:35  Lair  
  36  3:40  Drone x2  
  38  3:42  Drone  
  38  3:46  Evolution Chamber, Extractor  
  37  3:53  Queen  
  39  3:56  Drone, Extractor  
  39  3:58  Extractor  
  38  4:05  Drone x3  
  41  4:14  Drone x2  
  41  4:15  Drone x2  
  45  4:20  Zerg Melee Weapons Level 1  
  45  4:25  Overlord  
  45  4:34  Queen  
  47  4:43  Drone x4  
  47  4:44  Drone  
  52  5:03  Overlord  
  52  5:04  Zergling x4  
  52  5:05  Zergling x10  
  60  5:07  Drone  
  60  5:19  Drone x6  
  57  5:50  Spire  
  57  5:55  Drone x2  
  57  5:56  Drone x7, Infestation Pit  
  57  5:57  Drone x5  
  66  6:02  Extractor  
  66  6:03  Extractor  
  67  6:22  Overlord  
  67  6:23  Overlord x4  
  67  6:27  Zerg Ground Armor Level 1  
  67  6:43  Drone x3  
  67  6:44  Drone x4, Hatchery  
  73  6:49  Drone x3  
  73  6:50  Drone x2  
  78  6:54  Hive  
  78  7:01  Roach Warren  
  77  7:02  Mutalisk  
  77  7:03  Mutalisk x3  
  77  7:04  Hydralisk Den  
  77  7:05  Overlord  
  84  7:10  Zerg Flyer Weapons Level 1  
  84  7:29  Corruptor x4  
  86  7:30  Zergling x2  
  86  7:31  Zergling x10  
  98  7:37  Overseer  
  98  7:42  Hydralisk x4  
  98  7:43  Hydralisk  
  108  7:44  Zergling x2  
  108  7:47  Glial Reconstitution  
  108  7:51  Muscular Augments  
  109  8:15  Drone x9  
  109  8:16  Drone, Overlord  
  109  8:17  Overlord x5  
  119  8:41  Roach x5  
  123  8:42  Roach x6  
  123  8:43  Roach x3  
  147  8:53  Extractor  
  147  8:55  Extractor  
  144  9:24  Pneumatized Carapace  
  144  9:29  Tunneling Claws  
  144  9:30  Lurker Den  
  144  9:32  Zerg Ground Armor Level 2  
  144  9:37  Evolution Chamber  
  141  9:39  Evolution Chamber  
  137  9:51  Drone x6  
  137  9:52  Drone x3  
  146  10:00  Unknown  
  146  10:20  Drone x4  
  150  10:23  Mutalisk x7  
  150  10:25  Overlord x2  
  150  10:28  Hatchery, Extractor  
  163  10:33  Extractor  
  161  10:45  Baneling Nest  
  160  10:51  Zerg Flyer Weapons Level 2  
  160  10:53  Pathogen Glands  
  160  11:08  Zerg Melee Weapons Level 2  
  160  11:09  Zerg Missile Weapons Level 1  
  160  11:49  Neural Parasite  
  160  11:50  Queen x4  
  170  11:58  Unknown  
  151  12:11  Queen  
  147  12:25  Queen  
  145  12:47  Queen  
  143  12:57  Mutalisk x7  
  143  12:58  Mutalisk x8  
  157  12:59  Mutalisk x8  
  157  13:00  Mutalisk  
  157  13:03  Overlord x3  
  189  13:07  Zerg Flyer Armor Level 1  
Show
View Real Time Build Order
Export as new Build Order

Player 2 Zerg 

Build Orders: Pool First 

Get SALT Encoding   

  12  0:00  Drone  
  13  0:13  Overlord  
  13  0:18  Drone  
  14  0:31  Drone  
  14  0:34  Drone  
  16  0:43  Spawning Pool  
  16  0:46  Drone  
  16  0:50  Drone  
  16  0:53  Extractor  
  16  0:56  Drone  
  17  1:06  Overlord  
  17  1:29  Queen  
  17  1:31  Zergling x2  
  20  1:39  Drone  
  21  1:40  Roach Warren  
  21  1:41  Zergling x2  
  21  1:42  Extractor  
  20  1:49  Drone  
  21  2:00  Drone  
  22  2:10  Overlord  
  22  2:22  Roach  
  24  2:29  Baneling Nest  
  23  2:32  Drone  
  23  2:36  Drone  
  23  2:37  Roach  
  27  2:39  Drone  
  27  2:44  Drone  
  29  2:46  Ravager  
  30  2:55  Roach  
  32  3:04  Ravager  
  32  3:05  Overlord  
  33  3:08  Drone, Roach  
  33  3:11  Drone  
  37  3:17  Drone  
  38  3:20  Evolution Chamber  
  37  3:28  Drone  
  38  4:52  Drone, Roach, Lair, Overlord  
  41  4:53  Spore Crawler  
  41  4:55  Drone, Spore Crawler  
  41  4:57  Drone  
  41  5:00  Drone  
  42  5:10  Roach, Overlord  
  44  5:18  Spine Crawler  
  44  5:19  Drone  
  44  5:20  Hatchery, Spine Crawler  
  42  5:22  Roach  
  42  5:41  Drone  
  33  5:45  Zergling x2  
  33  5:49  Overseer x2  
  34  5:52  Hydralisk Den  
  34  5:53  Drone  
  36  5:57  Roach  
  36  6:07  Queen  
  36  6:09  Roach  
  40  6:16  Infestation Pit  
  40  6:17  Drone  
  40  6:20  Hydralisk  
  42  6:31  Spire  
  42  6:32  Drone  
  42  6:33  Hydralisk  
  42  6:35  Drone  
  42  6:37  Drone  
  46  6:40  Drone  
  46  6:43  Drone  
  46  6:46  Drone  
  49  6:53  Drone, Hydralisk  
  52  6:56  Drone  
  52  6:59  Drone  
  54  7:02  Drone  
  54  7:05  Drone  
  54  7:08  Drone  
  57  7:13  Spore Crawler  
  57  7:15  Drone  
  57  7:17  Spore Crawler  
  57  7:18  Drone  
  57  7:21  Hydralisk  
  57  7:22  Drone  
  60  7:25  Drone  
  60  7:26  Overlord  
  61  7:30  Drone  
  61  7:35  Queen  
  61  7:36  Drone  
  65  7:41  Drone  
  66  7:45  Drone, Spine Crawler  
  66  7:48  Drone  
  66  7:50  Overlord  
  68  7:51  Drone  
  68  7:54  Drone  
  68  7:58  Spine Crawler  
  68  8:00  Drone, Evolution Chamber  
  68  8:03  Drone  
  69  8:43  Extractor  
  69  8:46  Extractor  
  69  8:47  Drone  
  68  9:05  Drone  
  68  9:06  Pneumatized Carapace  
  68  9:07  Overlord, Overseer  
  68  9:08  Roach, Overlord  
  68  9:09  Drone, Zerg Melee Weapons Level 1  
  72  9:10  Zerg Ground Armor Level 1, Burrow, Muscular Augments  
  72  9:12  Drone  
  72  9:15  Roach  
  75  9:17  Hatchery  
  75  9:20  Drone  
  75  9:22  Roach  
  77  9:29  Roach  
  79  9:36  Infestor  
  77  9:43  Hydralisk  
  64  9:50  Hydralisk, Hive  
  66  9:58  Zergling x2  
  67  10:05  Roach  
  69  10:13  Roach  
  71  10:20  Roach  
  73  10:27  Roach  
  75  10:30  Drone, Queen  
  75  10:33  Drone  
  75  10:34  Roach, Overseer  
  81  10:36  Drone  
  81  10:37  Overlord  
  81  10:39  Drone, Extractor  
  81  10:41  Drone, Hydralisk, Spore Crawler  
  84  10:43  Spore Crawler  
  84  10:44  Drone  
  84  10:45  Extractor  
  84  10:47  Drone  
  84  10:48  Hydralisk  
  86  10:50  Drone  
  86  10:53  Drone  
  86  10:56  Drone  
  89  10:59  Drone  
  89  11:02  Drone  
  89  11:03  Zerg Missile Weapons Level 1  
  89  11:04  Greater Spire  
  91  11:05  Ultralisk Cavern  
  91  11:06  Drone  
  91  11:08  Spine Crawler  
  91  11:09  Drone  
  91  11:10  Spine Crawler  
  90  11:12  Drone  
  91  11:56  Zergling x2  
  91  11:58  Queen  
  91  12:01  Overlord  
  77  12:02  Hydralisk  
  77  12:08  Overseer  
  65  12:10  Hydralisk  
  65  12:17  Spire  
  65  12:18  Roach  
  65  12:19  Drone, Overlord  
  65  12:22  Drone  
  53  12:25  Drone, Zergling x2  
  53  12:28  Drone  
  48  12:31  Drone, Spore Crawler  
  48  12:32  Mutalisk  
  48  12:34  Drone  
  48  12:35  Queen  
  48  12:37  Drone  
  48  12:39  Zergling x2  
  48  12:41  Overseer  
  49  12:44  Drone  
  49  12:47  Overlord, Zergling x2  
  49  12:48  Roach  
  49  12:51  Drone  
  44  12:53  Mutalisk  
  44  12:56  Roach  
  48  12:59  Roach  
  48  13:00  Hydralisk  
  48  13:03  Roach  
  48  13:05  Hydralisk  
  53  13:07  Overlord, Overseer  
  53  13:08  Roach  
  53  13:09  Infestor  
  55  13:13  Roach  
  55  13:15  Roach  
  55  13:16  Drone  
  55  13:17  Roach  
  55  13:19  Roach  
  59  13:20  Roach  
  59  13:21  Zergling x2  
  59  13:22  Drone x3  
  59  13:24  Zergling x2  
  58  13:32  Overlord  
  51  13:34  Drone x2, Overseer, Zergling x2  
  51  13:37  Zergling x2  
  51  13:39  Overseer  
  51  13:40  Spire  
  46  13:43  Drone  
  46  13:48  Zergling x2  
  41  13:49  Drone  
  41  13:51  Zergling x2  
  41  13:53  Zergling x2  
  38  13:56  Drone  
  38  14:00  Drone  
  27  14:32  Drone  
  27  14:38  Overlord  
  26  14:40  Spawning Pool  
  26  14:43  Drone  
  19  14:59  Drone  
  4  15:00  Drone x3  
Tags
 
Add a new tag
Caveats
  • Supply blocks, unpowered buildings, or Contaminate may cause inaccurate times.
  • Supply counts are checked every 10 seconds.